AoeStats
← Th3 Sh00ter

Black Forest

506544662Analyzed
3v3 RM · 19d ago on Sep 14, 2026· 88m 8s· 6 players
Game mode
Random Map
Map size
Normal (6 player)
Population
200
Speed
Normal
Resources
Standard
Victory
Conquest
Starting age
Dark Age
Ending age
Imperial Age
RankedLock teamsTeams togetherTeam positionsShared explorationLock speedFull tech treeHidden civsTurbo modeCheats
Victory
Defeat
🇺🇸 Berbers · United States
1087
+15
🇺🇸 Mongols · United States
1084
+15
🇺🇸 Persians · United States
1051
+17
🇺🇸 Spanish · United States
1095
-17
🇺🇸 Slavs · United States
1084
-16
🇺🇸 Mongols · United States
1022
-14
5WhiskeyTango
0:44 Loom
13:37 Feudal Age
17:08 Double-Bit Axe
19:33 Castle Age
17:29 Gold Mining
17:51 Horse Collar
19:01 Stone Mining
23:03 Bow Saw
23:32 Wheelbarrow
29:18 Fortified Wall
31:00 Caravan
31:00 Town Watch
32:01 Heavy Plow
33:36 Stone Shaft Mining
33:37 Gold Shaft Mining
36:45 Imperial Age
35:36 Scale Barding Armor
35:41 Forging
38:13 Hand Cart
38:27 Onager
40:47 Coinage
41:06 Conscription
41:07 Drill
41:30 Siege Engineers
41:46 Ballistics
42:27 Chemistry
41:22 Murder Holes
41:51 Chain Barding Armor
41:31 Padded Archer Armor
42:31 Husbandry
42:42 Bloodlines
41:52 Light Cavalry
41:54 Heavy Camel Rider
43:30 Iron Casting
42:46 Fletching
43:03 Heavy Scorpion
47:57 Hussar
52:15 Elite Mangudai
56:10 Hoardings
56:37 Siege Onager
59:04 Blast Furnace
58:19 Leather Archer Armor
58:58 Banking
63:13 Bodkin Arrow
64:12 Elite Skirmisher
65:18 Parthian Tactics
64:59 Thumb Ring
65:51 Capped Ram
67:49 Siege Ram
75:30 Elite Steppe Lancer
77:28 Bracer
78:04 Guard Tower
78:25 Masonry
87:48 Town Patrol
DreamMurders
2:11 Loom
13:18 Feudal Age
17:07 Castle Age
15:31 Double-Bit Axe
25:15 Gold Mining
27:58 Wheelbarrow
27:09 Town Watch
28:05 Gold Shaft Mining
27:48 Bow Saw
27:21 Horse Collar
28:32 Stone Mining
32:42 Heavy Plow
33:08 Hand Cart
34:00 Caravan
34:30 Coinage
38:09 Imperial Age
35:54 Fortified Wall
35:55 Masonry
36:48 Forging
36:44 Scale Barding Armor
37:05 Detinets
37:44 Town Patrol
37:10 Man-at-Arms
37:52 Squires
37:15 Pikeman
38:11 Onager
39:01 Siege Engineers
39:57 Chemistry
39:26 Bloodlines
39:17 Husbandry
38:39 Light Cavalry
39:04 Heavy Scorpion
39:50 Druzhina
40:11 Conscription
40:56 Banking
40:05 Siege Onager
42:05 Iron Casting
41:33 Scale Mail Armor
41:56 Chain Barding Armor
43:00 Two-Man Saw
42:33 Crop Rotation
41:56 Fletching
42:07 Padded Archer Armor
42:09 Murder Holes
41:56 Long Swordsman
42:51 Elite Boyar
45:17 Halberdier
45:20 Two-Handed Swordsman
49:41 Blast Furnace
49:01 Chain Mail Armor
49:21 Plate Barding Armor
55:45 Champion
60:24 Plate Mail Armor
Age_noob
1:03 Loom
11:53 Feudal Age
12:49 Double-Bit Axe
18:25 Castle Age
18:28 Wheelbarrow
17:36 Horse Collar
17:52 Gold Mining
18:44 Stone Mining
19:37 Bow Saw
19:51 Town Watch
23:42 Heavy Plow
30:41 Fletching
30:52 Padded Archer Armor
34:46 Imperial Age
32:51 Elite Skirmisher
33:41 Bodkin Arrow
34:03 Leather Archer Armor
33:53 Scale Barding Armor
34:00 Forging
33:50 Scale Mail Armor
33:57 Husbandry
34:07 Bloodlines
34:34 Fortified Wall
34:06 Light Cavalry
37:15 Chemistry
36:11 Onager
37:22 Ballistics
38:11 Two-Man Saw
37:21 Bracer
37:39 Caravan
39:22 Iron Casting
39:18 Ring Archer Armor
39:09 Chain Barding Armor
38:17 Pikeman
38:58 Squires
38:52 Gambesons
40:01 Capped Ram
41:05 Conscription
40:50 Inquisition
41:12 Block Printing
41:28 Bombard Tower
41:20 Hussar
41:22 Cavalier
42:59 Hand Cart
42:48 Town Patrol
43:40 Paladin
46:52 Blast Furnace
46:28 Plate Barding Armor
49:19 Chain Mail Armor
49:40 Halberdier
80:18 Plate Mail Armor
Chiman00
0:49 Loom
12:45 Feudal Age
15:48 Wheelbarrow
18:25 Castle Age
16:57 Double-Bit Axe
17:28 Horse Collar
18:14 Stone Mining
19:39 Wheelbarrow
20:48 Bow Saw
22:10 Heavy Plow
25:12 Nomads
29:27 Gold Mining
33:26 Imperial Age
31:27 Fletching
31:38 Padded Archer Armor
33:34 Ballistics
33:12 Bodkin Arrow
33:33 Leather Archer Armor
33:30 Bloodlines
33:55 Husbandry
34:05 Thumb Ring
33:31 Light Cavalry
35:13 Bracer
36:18 Chemistry
35:25 Siege Engineers
35:44 Conscription
36:50 Caravan
36:26 Elite Mangudai
38:04 Hussar
39:43 Scale Barding Armor
39:49 Forging
41:32 Fortified Wall
41:33 Masonry
42:39 Hand Cart
42:10 Town Watch
45:13 Chain Barding Armor
45:28 Iron Casting
48:18 Blast Furnace
46:52 Onager
48:29 Town Patrol
86:33 Capped Ram
Th3 Sh00ter
1:08 Loom
11:43 Feudal Age
15:29 Castle Age
14:56 Double-Bit Axe
16:26 Bow Saw
20:19 Horse Collar
25:33 Wheelbarrow
25:39 Heavy Plow
28:50 Hand Cart
30:40 Bloodlines
30:32 Husbandry
30:33 Town Watch
36:29 Imperial Age
34:00 Town Patrol
34:10 Scale Barding Armor
34:16 Forging
33:56 Fletching
34:31 Ballistics
34:08 Murder Holes
35:04 Caravan
35:37 Coinage
37:17 Chain Barding Armor
37:33 Iron Casting
36:54 Bodkin Arrow
37:39 Banking
37:22 Guilds
37:15 Cavalier
37:17 Light Cavalry
39:28 Conscription
39:10 Kamandaran
39:23 Citadels
40:10 Hoardings
40:28 Savar
40:49 Hussar
45:18 Plate Barding Armor
45:44 Blast Furnace
44:45 Padded Archer Armor
45:48 Chemistry
45:01 Masonry
48:22 Elite War Elephant
51:13 Heavy Camel Rider
80:01 Architecture
raleighhokie
1:23 Loom
13:14 Feudal Age
16:57 Castle Age
15:23 Double-Bit Axe
16:04 Horse Collar
18:27 Bow Saw
28:03 Wheelbarrow
34:06 Imperial Age
32:07 Hand Cart
31:53 Fletching
33:00 Bodkin Arrow
33:05 Padded Archer Armor
33:17 Bloodlines
33:08 Husbandry
33:45 Caravan
33:59 Kasbah
35:00 Leather Archer Armor
35:17 Conscription
35:44 Ballistics
35:59 Heavy Plow
35:42 Elite Camel Archer
36:26 Bracer
38:01 Chemistry
36:48 Light Cavalry
38:45 Ring Archer Armor
38:26 Forging
38:22 Scale Barding Armor
39:23 Crop Rotation
38:47 Town Watch
40:13 Onager
40:46 Hussar
42:21 Maghrebi Camels
43:13 Iron Casting
42:59 Chain Barding Armor
48:10 Plate Barding Armor
48:35 Blast Furnace
55:24 Scale Mail Armor
66:38 Siege Engineers
Connection lost

Rejoining the realm…

Still unreachable

The connection could not be restored.

Session expired

The server has moved on; the page needs a fresh start.